 Dungeon Crawl Stone Soup version 0.29-a0-961-gfab03dca74 (webtiles) character file.

Game seed: 10559313364545127742

102 DungeonMaster the Shield-Bearer (level 4, -3/34 HPs)
             Began as a Demonspawn Wanderer on July 30, 2022.
             Slain by a gnoll
             ... wielding a +3 spear
              (8 damage)
             ... on level 2 of the Dungeon.
             The game lasted 00:03:36 (2848 turns).

DungeonMaster the Shield-Bearer (DsWn)              Turns: 2848, Time: 00:03:36

Health: -3/34      AC:  2    Str: 10    XL:     4   Next: 50%
Magic:  4/4        EV: 14    Int: 11    God:
Gold:   108        SH: 11    Dex: 19    Spells: 3/3 levels left

rFire   . . .      SeeInvis .   a - +1 dagger (flame)
rCold   . . .      Faith    .   b - +2 buckler
rNeg    . . .      Spirit   .   e - +0 robe
rPois   .          Reflect  .   (no helmet)
rElec   .          Harm     .   (no cloak)
rCorr   .          Rampage  .   (no gloves)
Will    .....                   (no boots)
Stlth   ++........              (no amulet)
HPRegen 0.11/turn               (no ring)
MPRegen 0.09/turn               (no ring)

@: no status effects
A: repulsion field 1, powered by pain 1, condensation shield
a: no special abilities


You were on level 2 of the Dungeon.
You visited 1 branch of the dungeon, and saw 4 of its levels.

You collected 108 gold pieces.

Inventory:

Hand Weapons
 a - a +1 dagger of flaming (weapon)
 j - a +1 dagger of pain
 s - a +0 falchion
Missiles
 f - 27 stones (quivered)
Armour
 b - a +2 buckler (worn)
 e - a +0 robe (worn)
Potions
 c - a potion of resistance
 d - a potion of haste
 g - a potion of experience {unknown}
 h - 3 potions of curing {unknown}
 i - a potion of heal wounds {unknown}
 k - a potion of attraction {unknown}


   Skills:
 * Level 2.5 Fighting
 - Level 1.0 Long Blades
 * Level 2.0 Dodging
 - Level 1.7 Stealth
 * Level 3.5 Shields
 - Level 3.0 Evocations


You had 3 spell levels left.
You didn't know any spells.
Your spell library was empty.

Dungeon Overview and Level Annotations

Branches:
Dungeon (4/15)
 Temple: D:4-7

Altars:


Innate Abilities, Weirdness & Mutations

You are surrounded by a mild repulsion field. (EV +2)
You sometimes gain a little power by taking damage.
A meltable shield of frost defends you. (SH +4)


Message History

Press: ? - help, Q - select action Shift-Dir - straight line, f - gnoll
Aim: a gnoll, wielding a +0 club (wandering, hasn't noticed you, 65% to hit)
You throw a stone. The gnoll shouts!
The stone hits the gnoll.
The gnoll is lightly wounded.
You hit the gnoll. You burn the gnoll.
The gnoll is moderately wounded.
The gnoll hits you with a +0 club.
The gnoll shouts!
You hit the gnoll. You burn the gnoll.
The gnoll is heavily wounded.
The gnoll closely misses you.
You barely miss the gnoll.
The gnoll is heavily wounded.
You block the gnoll's attack.
You hit the gnoll. You burn the gnoll.
You kill the gnoll!
Throw: 28 stones
Press: ? - help, Q - select action Shift-Dir - straight line, f - gnoll
Aim: a gnoll, wielding a +3 spear (65% to hit)
You throw a stone. The stone closely misses the gnoll.
There is a stone staircase leading up here.
A gnoll is nearby!
You hit the gnoll but do no damage. You block the gnoll's attack.
You barely miss the gnoll. The gnoll hits you with a +3 spear.
You hit the gnoll. You burn the gnoll.
The gnoll is moderately wounded.
The gnoll hits you with a +3 spear!
You hit the gnoll. You burn the gnoll.
The gnoll is moderately wounded.
The gnoll hits you with a +3 spear.
You hit the gnoll. You burn the gnoll.
The gnoll is heavily wounded.
The gnoll hits you with a +3 spear!
* * * LOW HITPOINT WARNING * * *
You hit the gnoll. You burn the gnoll.
The gnoll is severely wounded.
The gnoll hits you with a +3 spear!
You die...

#.# #.###.# #.# #.# #.#
#.###############.# #.#
##.................# #.#
######################.#
######...............#.####
'.)......................>#
###'##'######....g.#.#.##.#
##..............@#.#.#.##.#
##............####)#.#.##.#
##............'......#.##.#
##............##.....#.##.#
###............g.....#....#
# #.########......##.#.##.#
# #.# #......##.##########.
###.# ##............g......
..#.#
#####...PP..#............


You could see a gnoll.

Vanquished Creatures
  4 gnolls
  A worm (D:2)
  2 dart slugs (D:1)
  3 ball pythons
  4 endoplasms (D:2)
  3 giant cockroaches
  13 goblins
  3 hobgoblins
  4 quokkas
  2 bats
  11 kobolds
  5 rats
55 creatures vanquished.

Vanquished Creatures (others)
  9 fungi (D:2)
9 creatures vanquished.

Grand Total: 64 creatures vanquished

Notes
Turn   | Place    | Note
-------+----------+-------------------------------------------
     0 | D:1      | DungeonMaster the Demonspawn Wanderer began the quest for
                  | the Orb.
     0 | D:1      | DungeonMaster set off with the following items: a +0
                  | falchion, a +2 buckler, a piece from Xom's chessboard
                  | (15/15), a potion of haste, a +0 robe.
     0 | D:1      | Reached XP level 1. HP: 15/15 MP: 1/1
   188 | D:1      | Gained mutation: You sometimes gain a little power by
                  | taking damage. [demonic ancestry]
   188 | D:1      | Reached XP level 2. HP: 9/21 MP: 2/2
   473 | D:1      | Reached skill level 1 in Dodging
   622 | D:1      | Gained mutation: A meltable shield of frost defends you.
                  | (SH +4) [demonic ancestry]
   622 | D:1      | Reached XP level 3. HP: 8/27 MP: 3/3
  2100 | D:2      | You fall into a shaft and drop 2 floors!
  2183 | D:2      | Gained mutation: You are surrounded by a mild repulsion
                  | field. (EV +2) [demonic ancestry]
  2183 | D:2      | Reached XP level 4. HP: 28/33 MP: 4/4
  2848 | D:2      | Slain by a gnoll

Illustrated notes

Levels and vault maps discovered:
D:1:      dreamdust_arrival_sigmund_warning, layout_loops_ring
D:2:      layout_basic, dreamdust_mushroom_princess, kennysheep_generic_room_3
D:3:      layout_basic, old_standard_altar, chequers_ecumenical_altar_simple,
          uniq_jessica
D:4:      minmay_clustersquares, layout_rooms, serial_shops,
          nicolae_shop_crystal, kennysheep_generic_room_13

Skill      XL: |  1  2  3  4 |
---------------+-------------+-----
Shields        | 3 |  3.5
Dodging        | 1 2 |  2.0
Fighting       | 2 |  2.5
Long Blades    | |  1.0
Stealth        | |  1.7
Evocations     | |  3.0

Action                   |  1- 3 |  4- 6 || total
-------------------------+-------+-------++-------
Melee: Falchion          |    72 |       ||    72
       Dagger            |    77 |    47 ||   124
Throw: Stone             |     3 |     3 ||     6
  Use: Scroll            |     2 |       ||     2
 Stab: Sleeping          |     4 |       ||     4
       Distracted        |     1 |       ||     1
Armor: Robe              |    24 |     6 ||    30
Dodge: Dodged            |    62 |    16 ||    78
Block: Buckler           |    70 |    23 ||    93

Table legend: (Time is in decaauts)
 A = Elapsed time spent in this place.
 B = Non-inter-level travel time spent in this place.
 C = Inter-level travel time spent in this place.
 D = Time resting spent in this place.
 E = Time spent auto-exploring this place.
 F = Levels seen in this place.
 G = Mean time per level.
                   A        B        C        D        E       F      G
               +--------+--------+--------+--------+--------+-----+--------+
         Total |   2876 |   2843 |     33 |    821 |   1508 |   4 |  719.0 |
       Dungeon |   2876 |   2843 |     33 |    821 |   1508 |   4 |  719.0 |
               +--------+--------+--------+--------+--------+-----+--------+

Top non-repeatable levels by time:
     D:1: 1776 daAuts
     D:2: 1079 daAuts
     D:3: 15 daAuts
     D:4: 4 daAuts
